 Dungeon Crawl Stone Soup version 0.30-a0-802-gb92711bcdf (webtiles) character file.

Game seed: 7157920707063757479

81 cforsyth the Sneak (level 4, -3/28 HPs)
             Began as a Kobold Brigand on Feb 23, 2023.
             Was an Initiate of Dithmenos.
             Slain by a gnoll
             ... wielding a +0 flail
              (7 damage)
             ... on level 3 of the Dungeon.
             The game lasted 00:03:22 (1824 turns).

cforsyth the Sneak (Kobold Brigand)                 Turns: 1824, Time: 00:03:23

Health: -3/28      AC:  3    Str:  8    XL:     4   Next: 68%
Magic:  4/4        EV: 15    Int: 12    God:    Dithmenos [......]
Gold:   169        SH:  0    Dex: 18    Spells: 3/3 levels left

rFire   . . .      SeeInvis .    a - +2 dagger
rCold   . . .      Faith    .    (no shield)
rNeg    . . .      Spirit   .    b - +0 robe
rPois   .          Reflect  .    (no helmet)
rElec   .          Harm     .    c - +0 cloak
rCorr   .          Rampage  .    (no gloves)
Will    .....                    (no boots)
Stlth   ++++                     (no amulet)
HPRegen 0.24/turn                (no ring)
MPRegen 0.09/turn                (no ring)

@: no status effects
A: small, no large weapons, nightstalker 3
a: Renounce Religion


You were on level 3 of the Dungeon.
You worshipped Dithmenos.
Dithmenos was noncommittal.
You visited 1 branch of the dungeon, and saw 3 of its levels.

You collected 169 gold pieces.

Inventory:

Hand Weapons
 a - a +2 dagger (weapon)
Missiles
 d - 15 poisoned darts (quivered)
 e - 3 curare-tipped darts
 l - 6 atropa-tipped darts
Armour
 b - a +0 robe (worn)
 c - a +0 cloak (worn)
 u - the +5 chain mail "Bikhlakke" {Str+4}
   (You found it on level 2 of the Dungeon)

   Str:       It affects your strength (+4).
Wands
 w - a wand of roots (10)
Scrolls
 g - a scroll of acquirement {unknown}
 h - a scroll of fear {unknown}
 k - a scroll of amnesia {unknown}
 m - a scroll of teleportation {unknown}
 q - a scroll of brand weapon {unknown}
 r - a scroll of identify {unknown}
 t - a scroll of butterflies {unknown}
 v - a scroll of immolation {unknown}
Potions
 f - 2 potions of curing
 i - a potion of cancellation {unknown}
 j - 2 potions of haste {unknown}
 n - a potion of berserk rage {unknown}
 o - 2 potions of resistance {unknown}
 p - a potion of lignification {unknown}
 s - 2 potions of heal wounds {unknown}


   Skills:
 + Level 3.1 Fighting
 + Level 3.8 Short Blades
 - Level 2.1 Throwing
 + Level 2.5 Dodging
 + Level 6.1 Stealth


You had 3 spell levels left.
You didn't know any spells.
Your spell library contained the following spells:

 Spells                   Type           Power      Damage    Failure   Level
 Apportation              Tloc           0%         N/A       32%         1
 Foxfire                  Conj/Fire      0%         2x1d4     32%         1
 Necrotise                Necr           0%         1d4       32%         1
 Summon Small Mammal      Summ           0%         N/A       32%         1
 Fireball                 Conj/Fire      0%         3d3       100%        5
 Starburst                Conj/Fire      0%         6d3       100%        6


Dungeon Overview and Level Annotations

Branches:
Dungeon (3/15)

Altars:
Dithmenos


Innate Abilities, Weirdness & Mutations

You are small and have problems with some larger weapons.
You are completely attuned to the shadows.


Message History

No target in view!
No target in view!
No target in view!
No target in view!
HP restored.
There is a stone staircase leading down here.
You now have 169 gold pieces (gained 8).
Found an escape hatch in the ceiling.
There is an escape hatch in the ceiling here.
w - a wand of roots (10)
A gnoll comes into view. It is wielding a +0 whip.
A gnoll is nearby!
A gnoll comes into view.
It is wielding a +0 whip. 2 gnolls come into view.
The gnoll shouts! x4
You hit the gnoll but do no damage. The gnoll completely misses you.
The gnoll misses you.
You hit the gnoll.
The gnoll is heavily wounded.
You barely miss the gnoll.
The gnoll is heavily wounded.
The gnoll hits you with a +0 whip. The gnoll hits you with a +0 flail!
The gnoll hits you with a +0 whip.
You are too injured to fight recklessly!
You are too injured to fight recklessly!
You are too injured to fight recklessly!
You are too injured to fight recklessly!
The gnoll attacks as you move away! The gnoll misses you.
The gnoll attacks as you move away! The gnoll hits you with a +0 whip.
* * * LOW HITPOINT WARNING * * *
The gnoll attacks as you move away! The gnoll hits you with a +0 whip.
* * * LOW HITPOINT WARNING * * *
Unknown command.
Okay, then.
It was a potion of curing.
You feel better. The gnoll misses you. The gnoll attacks as you move away!
The gnoll misses you. The gnoll attacks as you move away!
The gnoll hits you with a +0 flail!
* * * LOW HITPOINT WARNING * * *
The gnoll attacks as you move away! The gnoll hits you with a +0 flail!
You die...

##########
..g......################
#g####.#................#
g.###........g.g@...###.#######
.......############....<......#
######.# #####.#####.# #..# #.#
#.# #.## #.# #.# ### #.# #.#
#.# #.# ####.#####.#
.........#.#


You could see 2 gnolls.

Vanquished Creatures
  3 adders
  2 worms (D:2)
  3 dart slugs
  4 endoplasms
  A giant cockroach (D:2)
  3 goblins (D:1)
  5 hobgoblins
  2 quokkas
  3 ball pythons
  2 bats
  2 frilled lizards (D:1)
  8 kobolds
  6 rats (D:1)
44 creatures vanquished.

Notes
Turn   | Place    | Note
-------+----------+-------------------------------------------
     0 | D:1      | cforsyth the Kobold Brigand began the quest for the Orb.
     0 | D:1      | Reached XP level 1. HP: 12/12 MP: 1/1
     0 | D:1      | Upgraded the game from 0.30-a0-800-g7c544603b3 to
                  | 0.30-a0-802-gb92711bcdf
    67 | D:1      | Reached XP level 2. HP: 18/18 MP: 2/2
   476 | D:1      | Reached XP level 3. HP: 22/22 MP: 3/3
   916 | D:2      | Found a shadowy altar of Dithmenos.
   929 | D:2      | Became a worshipper of Dithmenos the Shadowed
  1069 | D:2      | Reached XP level 4. HP: 25/27 MP: 4/4
  1182 | D:2      | Reached skill level 6 in Stealth
  1505 | D:2      | Identified the +5 chain mail "Bikhlakke" {Str+4}
  1806 | D:3      | HP: 1/28 [gnoll/+0 whip (6)]
  1824 | D:3      | Slain by a gnoll

Illustrated notes

Levels and vault maps discovered:
D:1:      dpeg_arrival_ratfight, layout_basic,
          wander_ebering_terrifying_dragon_lair
D:2:      layout_basic, basic_altar
D:3:      minmay_chambers_of_twos, layout_loops_ring, serial_shops,
          nicolae_shop_hallway_stairs, gammafunk_ghost_icy

Skill      XL: |  1  2  3  4 |
---------------+-------------+-----
Short Blades   | 3 |  3.8
Dodging        | 2 |  2.5
Fighting       | 3 |  3.1
Stealth        | 6 |  6.1
Throwing       | |  2.1

Action                     |  1- 3 |  4- 6 || total
---------------------------+-------+-------++-------
  Melee: Dagger            |    79 |    38 ||   117
    Use: Potion            |       |     1 ||     1
   Stab: Sleeping          |    18 |     3 ||    21
 Armour: Robe              |     4 |     2 ||     6
  Dodge: Dodged            |    35 |    14 ||    49

Table legend: (Time is in decaauts)
 A = Elapsed time spent in this place.
 B = Non-inter-level travel time spent in this place.
 C = Inter-level travel time spent in this place.
 D = Time resting spent in this place.
 E = Time spent auto-exploring this place.
 F = Levels seen in this place.
 G = Mean time per level.
                   A        B        C        D        E       F      G
               +--------+--------+--------+--------+--------+-----+--------+
         Total |   1804 |   1768 |     36 |      0 |   1463 |   3 |  601.3 |
       Dungeon |   1804 |   1768 |     36 |      0 |   1463 |   3 |  601.3 |
               +--------+--------+--------+--------+--------+-----+--------+

Top non-repeatable levels by time:
     D:1: 853 daAuts
     D:2: 827 daAuts
     D:3: 123 daAuts
